 Dungeon Crawl Stone Soup version 0.18.1-48-g4cf74bf (webtiles) character file.

247 Gargoyl the Covered (level 5, -11/42 HPs)
             Began as a Demonspawn Abyssal Knight on July 8, 2016.
             Was a Priest of Lugonu.
             Mangled by an ogre
             ... wielding a +0 giant spiked club
              (25 damage)
             ... on level 4 of the Dungeon.
             The game lasted 00:06:43 (3375 turns).

Gargoyl the Covered (Demonspawn Abyssal Knight)     Turns: 3375, Time: 00:06:44

Health: -11/42     AC: 11    Str: 10 (13) XL:     5   Next: 85%
Magic:  6/6        EV:  2    Int: 10 (13) God:    Lugonu [***...]
Gold:   119        SH:  0    Dex: 15      Spells: 0 memorised, 4 levels left

rFire  . . .     SeeInvis .     a - +1 hand axe
rCold  . . .     Gourm    .     e - +0 plate armour
rNeg   . . .     Faith    .     (no shield)
rPois  .         Spirit   .     (no helmet)
rElec  .         Dismiss  .     (no cloak)
rCorr  .         Reflect  .     (no gloves)
SustAt .         Harm     .     (no boots)
MR     .....                    (no amulet)
Stlth  ..........               (no ring)
                                (no ring)

@: not resistant to hostile enchantments, extremely unstealthy
A: claws 1, thin skeletal structure 1
a: Depart the Abyss, Bend Space, Banish, Renounce Religion


You were on level 4 of the Dungeon.
You worshipped Lugonu.
Lugonu was most pleased with you.
You were not hungry.

You visited 1 branch of the dungeon, and saw 4 of its levels.
You visited the Abyss 1 time.

You collected 119 gold pieces.

Inventory:

Hand Weapons
 a - a +1 hand axe (weapon)
Armour
 e - a +0 plate armour (worn)
Scrolls
 b - a scroll of fog {unknown}
 d - a scroll of immolation {unknown}
 f - 3 scrolls of remove curse {unknown}
 i - 3 scrolls of random uselessness {unknown}
 j - a scroll of noise {unknown}
 m - a scroll of fear {unknown}
 n - 4 scrolls of identify {unknown}
Potions
 h - a potion of heal wounds
 l - a potion of lignification
Comestibles
 c - 5 bread rations
 g - a meat ration
 k - 3 fruits
 o - 2 chunks of flesh


   Skills:
 + Level 3.9 Fighting
 + Level 2.5 Axes
 + Level 0.1 Throwing
 * Level 4.3 Armour
 + Level 1.6 Dodging
 + Level 0.2 Stealth
 + Level 2.5 Invocations


You had 4 spell levels left.
You didn't know any spells.

Dungeon Overview and Level Annotations

Branches:
Dungeon (4/15)
 Temple: D:4-7

Altars:
Fedhas
Pakellas

Shops:
D:4 =

Annotations:
D:3 loom's ghost, amateur VSBe


Innate Abilities, Weirdness & Mutations

You have sharp fingernails.
You have a somewhat thin skeletal structure (Dex +2, Stealth).


Message History

HP restored.
You climb downwards.
The hound barks!
The ogre hits you with a giant spiked club.
There is a stone staircase leading up here.
Your plate armour prevents you from hitting the ogre.
You closely miss the hound.
The ogre hits you with a giant spiked club.
The hound bites you but does no damage.
You slash the ogre!
The ogre is moderately wounded.
You miss the hound. The hound bites you but does no damage.
The ogre hits you with a giant spiked club!
The hound bites you.
Your plate armour prevents you from hitting the ogre.
The ogre is moderately wounded.
You closely miss the hound. The hound bites you but does no damage.
The ogre hits you with a giant spiked club!!
Ouch! That really hurt!
You die...

.. ..############### ..
#...)............ ....
+................. ....
#................. ....
#.................
...##+##................
#.....######..@......#
#.....#....#..Oh.....#
#.....#....#)........#
#.....#....'.........#
#.....####+#.........#
####..............######+##+
#........#'#...#.........
#........#∩#...'.........
#........###...#.........


You could see an ogre and a hound.

Vanquished Creatures
  An orc priest (D:3)
  A worker ant (D:3)
  3 orc wizards (D:3)
  3 adders (D:3)
  2 oozes
  A worm (D:2)
  2 giant geckos
  5 orcs
  5 giant cockroaches
  8 hobgoblins
  8 jackals
  A quokka (D:3)
  A ball python (D:3)
  8 bats
  4 giant newts
  8 goblins
  6 kobolds
  A quokka skeleton (D:4)
  6 rats
74 creatures vanquished.

Notes
Turn   | Place    | Note
--------------------------------------------------------------
     0 | Abyss:1  | Gargoyl the Demonspawn Abyssal Knight began the quest for the Orb.
     0 | Abyss:1  | Reached XP level 1. HP: 18/18 MP: 2/2
    58 | Abyss:2  | Noticed a chaos spawn
    58 | D:1      | Escaped the Abyss
   146 | D:1      | Reached * piety under Lugonu
   146 | D:1      | Reached skill level 2 in Armour
   220 | D:1      | Gained mutation: You have a somewhat thin skeletal structure (Dex +2, Stealth). [demonic ancestry]
   220 | D:1      | Reached XP level 2. HP: 24/24 MP: 3/3
   599 | D:1      | Reached skill level 1 in Dodging
   681 | D:1      | Reached XP level 3. HP: 21/29 MP: 4/4
   863 | D:2      | Reached ** piety under Lugonu
  1529 | D:2      | Found a blossoming altar of Fedhas.
  1530 | D:2      | Found an oddly glowing altar of Pakellas.
  1718 | D:3      | Reached skill level 3 in Armour
  1718 | D:3      | Reached XP level 4. HP: 10/36 MP: 5/5
  2459 | D:3      | Gained mutation: You have sharp fingernails. [demonic ancestry]
  2459 | D:3      | Reached XP level 5. HP: 27/42 MP: 6/6
  2541 | D:3      | Reached *** piety under Lugonu
  2669 | D:3      | Noticed loom's ghost (amateur VSBe)
  2782 | D:3      | Reached skill level 4 in Armour
  2900 | D:4      | Found Sazutudgh's Jewellery Boutique.
  2957 | D:4      | Noticed an ogre
  3375 | D:4      | Mangled by an ogre

Skill      XL: |  1  2  3  4  5 |
---------------+----------------+-----
Armour         | 2 3 4 |  4.3
Dodging        | 1 |  1.6
Axes           | 2 |  2.5
Fighting       | |  3.9
Throwing       | |  0.1
Stealth        | |  0.2
Invocations    | |  2.5

Action                   |  1- 3 |  4- 6 || total
-------------------------+-------+-------++-------
Melee: Hand axe          |   162 |   174 ||   336
Throw: Tomahawk          |       |     4 ||     4
Invok: Depart the Abyss  |     1 |       ||     1
  Use: Potion            |     2 |     3 ||     5
  Eat: Chunk             |     3 |     6 ||     9
Armor: Plate armour      |   179 |   160 ||   339
       Skin              |       |    13 ||    13
Dodge: Dodged            |    48 |    25 ||    73
